 Dungeon Crawl Stone Soup version 0.22-a0-433-gd2a9cce0b5 (webtiles) character file.

35 Ordine the Insei (level 3, 0/19 HPs)
             Began as a Vine Stalker Monk on May 28, 2018.
             Slain by a centaur zombie (4 damage)
             ... on level 2 of the Dungeon.
             The game lasted 00:02:04 (983 turns).

Ordine the Insei (Vine Stalker Monk)                 Turns: 983, Time: 00:02:04

Health: 0/19       AC:  2    Str: 13    XL:     3   Next: 33%
Magic:  0/4        EV: 13    Int: 11    God:
Gold:   38         SH:  0    Dex: 16    Spells: 2/2 levels left

rFire    . . .     SeeInvis .     - Unarmed
rCold    . . .     Gourm    .   (no shield)
rNeg     . . .     Faith    .   a - +0 robe
rPois    .         Spirit   +   (no helmet)
rElec    .         Reflect  .   (no cloak)
rCorr    .         Harm     .   (no gloves)
MR       .....                  (no boots)
Stlth    ++........             (no amulet)
HPRegen  0.06/turn              (no ring)
MPRegen  0.09/turn              (no ring)

@: no status effects
A: fangs 2, magic shield, antimagic bite, no potion heal 3, rot immunity
a: no special abilities


You were on level 2 of the Dungeon.
You were not hungry.

You visited 1 branch of the dungeon, and saw 2 of its levels.

You collected 38 gold pieces.

Inventory:

Armour
 a - a +0 robe (worn)
Scrolls
 e - a scroll of amnesia
Comestibles
 b - a ration


   Skills:
 - Level 2.6 Fighting
 - Level 2.4 Dodging
 - Level 2.4 Stealth
 + Level 4.3 Unarmed Combat


You had 2 spell levels left.
You didn't know any spells.
Your spell library was empty.

Dungeon Overview and Level Annotations

Branches:
Dungeon (2/15)

Altars:


Innate Abilities, Weirdness & Mutations

You have extremely sharp teeth.
When hurt, damage is shared between your health and your magic reserves.
Your bite disrupts and absorbs the magic of your enemies.
Potions cannot restore your health.
You are immune to rotting.


Message History

The centaur zombie barely misses you.
You barely miss the centaur zombie.
You bite the centaur zombie, but do no damage.
The centaur zombie is heavily damaged.
The centaur zombie hits you.
You hit the centaur zombie but do no damage.
The centaur zombie is heavily damaged.
The centaur zombie barely misses you.
You hit the centaur zombie. You bite the centaur zombie. You drain its power.
You feel invigorated.
The centaur zombie is severely damaged.
The centaur zombie barely misses you.
You hit the centaur zombie.
The centaur zombie is almost destroyed.
The centaur zombie hits you.
* * * LOW HITPOINT WARNING * * *
You hit the centaur zombie.
The centaur zombie is almost destroyed.
The centaur zombie hits you.
You die...

#.......#
..
.......#
..
......##.
...=...
..... .S.
#Z# #@#
##.######
#.......#
#.......#
#.......#
##.######
###†####
#......#
#......#


You could see an adder and a centaur zombie.

Vanquished Creatures
  A leopard gecko (D:2)
  3 giant cockroaches
  5 goblins (D:1)
  4 hobgoblins (D:1)
  7 jackals (D:1)
  2 kobolds (D:1)
  2 bats (D:1)
  A frilled lizard (D:1)
  3 rats (D:1)
28 creatures vanquished.

Notes
Turn   | Place    | Note
-------+----------+-------------------------------------------
     0 | D:1      | Ordine the Vine Stalker Monk began the quest for the Orb.
     0 | D:1      | Reached XP level 1. HP: 11/11 MP: 2/2
   187 | D:1      | Reached XP level 2. HP: 16/16 MP: 3/3
   446 | D:1      | Reached skill level 4 in Unarmed Combat
   456 | D:1      | Reached XP level 3. HP: 8/19 MP: 2/4
   983 | D:2      | Slain by a centaur zombie

Vault maps used:
D:1:      minmay_arrival_arboretum_small
D:2:      minmay_misc_feat_x, uniq_robin

Skill      XL: |  1  2 |
---------------+-------+-----
Unarmed Combat | 4 |  4.3
Fighting       | |  2.6
Dodging        | |  2.4
Stealth        | |  2.4

Action                   || total
-------------------------++-------
Melee: Unarmed           ||    90
       Bite              ||    22
       Punch             ||     3
  Use: Scroll            ||     1
 Stab: Sleeping          ||     2
Armor: Robe              ||    14
Dodge: Dodged            ||    56

Table legend:
 A = Spawn XP
 B = Non-spawn XP
 C = Spawn XP percentage of total XP
 D = Spawn monster count
 E = Non-spawn monster count
 F = Spawn count percentage of total count
 G = Total turns spent on level
                    A         B        C        D         E        F      G
               +---------+---------+-------+---------+---------+-------+---------
         Total |       0 |      50 |   0.0 |       0 |      28 |   0.0 |   983
               +---------+---------+-------+---------+---------+-------+---------
           D:1 |       0 |      45 |   0.0 |       0 |      26 |   0.0 |   849
           D:2 |       0 |       5 |   0.0 |       0 |       2 |   0.0 |   134
               +---------+---------+-------+---------+---------+-------+---------
